 Dungeon Crawl Stone Soup version 0.14.1-25-g305bacd (webtiles) character file.

244 MRaven the Digger (level 4, -3/36 HPs)
             Began as a Deep Dwarf Earth Elementalist on July 7, 2014.
             Killed by divine providence
             ... invoked by an orc priest
              (12 damage)
             ... on Level 3 of the Dungeon.
             The game lasted 00:30:57 (2976 turns).

MRaven the Digger (Deep Dwarf Earth Elementalist)   Turns: 2976, Time: 00:30:57

HP  -3/36        AC  5     Str 12      XL: 4   Next: 51%
MP   5/9         EV 11     Int 16      God:
Gold 141         SH  7     Dex 13      Spells:  3 memorised,  3 levels left

rFire  . . .     SeeInvis .     j - +0,+1 mace
rCold  . . .     Clarity  .     c - +1 robe
rNeg   + . .     Conserve .     o - +0 buckler
rPois  .         rCorr    .     w - +1 hat
rElec  .         rRot     .     g - +0 cloak
SustAb + .       Spirit   .     (no gloves)
rMut   .         Warding  .     (no boots)
Gourm  +         Stasis   .     l - amulet of the gourmand
MR     .....                    B - ring of positive energy
                                p - ring of sustain abilities

@: non-regenerating, not resistant to hostile enchantments, fairly stealthy
A: damage resistance, recharge devices, sense surroundings 1, slow healing 3
a: Device Recharging


You were on level 3 of the Dungeon.
You were not hungry.

You visited 1 branch of the dungeon, and saw 3 of its levels.

You collected 141 gold pieces.

Inventory:

Hand weapons
 j - a +0,+1 mace (weapon)
Missiles
 b - 48 stones (quivered)
Armour
 c - a +1 robe (worn)
 g - a +0 cloak (worn)
 o - a +0 buckler (worn)
 w - a +1 hat (worn)
Magical devices
 a - a wand of heal wounds (3)
Comestibles
 f - 3 bread rations
 m - a slice of pizza
 n - a cheese
 s - 3 rotting chunks of hobgoblin flesh
 x - 2 chunks of orc flesh
 z - a rotting chunk of bat flesh
 C - a chunk of ball python flesh
 E - a rotting chunk of ball python flesh
 F - a rotting chunk of goblin flesh
 G - a chunk of jackal flesh
Scrolls
 q - 4 scrolls of remove curse
 r - a scroll of identify
 y - a scroll of amnesia
Jewellery
 l - an amulet of the gourmand (around neck)
 p - a ring of sustain abilities (left hand)
 B - a ring of positive energy (right hand)
Potions
 e - a potion of lignification
 h - 2 potions of heal wounds
 k - a potion of invisibility {unknown}
 u - a potion of poison {unknown}
 v - a potion of brilliance {unknown}
 A - a potion of restore abilities {unknown}
Books
 d - a book of Geomancy

   Spells                             Type                      Level
   *Sandblast                         Earth                        1
   *Stoneskin                         Transmutation/Earth          2
   Passwall                           Transmutation/Earth          3
   *Stone Arrow                       Conjuration/Earth            3
   Petrify                            Transmutation/Earth          4
   Lee's Rapid Deconstruction         Earth                        5


   Skills:
 - Level 2.1 Dodging
 - Level 2.4 Stealth
 + Level 3.1 Spellcasting
 - Level 0.8 Transmutations
 + Level 5.7 Earth Magic


You had 3 spell levels left.
You knew the following spells:

 Your Spells              Type           Power        Failure   Level  Hunger
a - Sandblast             Erth           ###...       2%          1    None
b - Stone Arrow           Conj/Erth      ##....       21%         3    ###....
c - Stoneskin             Trmt/Erth      ##........   10%         2    ##.....


Dungeon Overview and Level Annotations

Branches:
Dungeon (3/15)

Altars:


Innate Abilities, Weirdness & Mutations

You are resistant to damage.
You can recharge devices by infusing magical energy.
You passively map a small area around you.
You do not heal naturally.


Message History

Aim: an orc priest, wielding a dagger and wearing a glowing scale mail The blast of sand hits the orc priest.
The orc priest hits you with a dagger.
Casting: Sandblast
Confirm with . or Enter, or press ? or * to list all spells.
Aiming: Sandblast
Press: ? - help, Shift-Dir - straight line, f/p - orc priest
Aim: an orc priest, wielding a dagger and wearing a glowing scale mail The blast of sand hits the orc priest.
The orc priest calls down the wrath of Beogh upon you.
Pain shoots through your body!
* * * LOW HITPOINT WARNING * * *
Casting: Sandblast
Confirm with . or Enter, or press ? or * to list all spells.
Aiming: Sandblast
Press: ? - help, Shift-Dir - straight line, f/p - orc priest
Aim: an orc priest, wielding a dagger and wearing a glowing scale mail The blast of sand hits the orc priest.
The orc priest mumbles some strange prayers to Beogh against you.
Something smites you!
You die...

###.).#*,,,**,,,,*
#.....#*,,,**,****
#.....#*,****,****
####.....#*,,,**,,,,*
#........##<,,**,,,,*
#.........#,,,**,,,,*
##.........#,****,,,,*
#..........#,** *,** *
#.....@o...#,,,**,*
#......#.###,,,**,*
########.# *,,,**,*
*,,..# ,**** * *,...#
*,****,***** *.o..#
*,,,,,,,,,,,
##...#*******,***,,
#....*******,***,,
##...,,,,,,,,,,,,>


You could see an orc priest.

Vanquished Creatures
  3 adders
  3 oozes (D:2)
  An orc (D:3)
  11 bats
  4 giant cockroaches
  11 goblins
  8 hobgoblins
  4 jackals (D:3)
  10 kobolds
  A quokka (D:2)
  3 ball pythons
  6 rats
65 creatures vanquished.

Notes
Turn   | Place    | Note
--------------------------------------------------------------
     0 | D:1      | MRaven, the Deep Dwarf Earth Elementalist, began the quest for the Orb.
     0 | D:1      | Reached XP level 1. HP: 15/15 MP: 2/2
   329 | D:1      | Reached XP level 2. HP: 22/22 MP: 2/4
   822 | D:1      | HP: 1/22 [kobold/whip (5)]
  1337 | D:2      | Reached XP level 3. HP: 14/28 MP: 2/6
  1570 | D:2      | Learned a level 3 spell: Stone Arrow
  1573 | D:2      | Learned a level 2 spell: Stoneskin
  1610 | D:2      | Reached skill level 5 in Earth Magic
  2345 | D:3      | Reached XP level 4. HP: 32/36 MP: 2/8
  2646 | D:3      | Noticed an ogre
  2976 | D:3      | Killed from afar by an orc priest

Action                   |  1- 3 |  4- 6 || total
-------------------------+-------+-------++-------
Melee: Mace              |    41 |    19 ||    60
 Cast: Sandblast         |    84 |    45 ||   129
Evoke: Wand              |     2 |       ||     2
  Use: Scroll            |     4 |     5 ||     9
       Potion            |       |     1 ||     1
